Map: Interloper LE

Players

Yata - Winner!

  • Race: Zerg Zerg
  • League: Gold
  • Spawn Location: 5:00

MembaBerries

  • Race: Terran Terran
  • League: Gold
  • Spawn Location: 11:00

VOD

Have the link to the VOD?

Description

Time

  • Played on: Sept. 5, 2017, 11:35 p.m.
  • Length: 14:39
Show
View Real Time Build Order
Export as new Build Order

Yata Zerg - Winner!

Build Orders: Hatch First 

Get SALT Encoding   

  12  0:01  Drone  
  13  0:13  Overlord  
  13  0:25  Drone  
  14  0:31  Drone  
  14  0:32  Drone  
  16  0:53  Hatchery, Drone  
  16  0:56  Drone  
  17  1:07  Drone  
  17  1:08  Extractor  
  17  1:17  Spawning Pool  
  16  1:20  Drone  
  16  1:23  Drone  
  18  1:37  Drone  
  19  1:43  Overlord  
  19  1:55  Drone  
  20  2:09  Zergling x2  
  20  2:13  Zergling x2  
  22  2:15  Queen  
  22  2:16  Queen  
  22  2:21  Drone x2  
  28  2:24  Metabolic Boost  
  28  2:27  Drone  
  28  2:28  Drone  
  30  3:06  Zergling x8  
  30  3:07  Zergling x4  
  36  3:15  Baneling Nest  
  35  3:35  Spine Crawler  
  33  3:48  Drone x3  
  35  3:50  Overlord  
  35  3:51  Overlord x2  
  35  4:17  Roach Warren  
  35  4:22  Evolution Chamber  
  33  4:40  Drone x4  
  33  4:44  Drone x4  
  33  4:45  Drone x4  
  45  4:53  Zerg Missile Weapons Level 1  
  45  5:04  Overlord x2  
  45  5:07  Lair  
  45  5:12  Extractor  
  44  5:14  Extractor  
  43  5:38  Baneling x7  
  44  5:50  Drone x6  
  43  6:21  Spire  
  43  6:23  Glial Reconstitution  
  42  6:30  Extractor  
  41  6:34  Roach  
  41  6:35  Roach x4  
  51  6:42  Hatchery  
  51  6:46  Overlord x3  
  50  6:48  Queen  
  50  6:53  Queen  
  54  7:06  Zerg Ground Armor Level 1  
  54  7:13  Evolution Chamber  
  53  7:21  Roach  
  53  7:22  Roach x4  
  63  7:24  Pneumatized Carapace  
  63  7:29  Queen  
  65  7:40  Roach  
  65  7:41  Roach x6  
  79  8:04  Roach  
  79  8:05  Roach x6  
  93  8:24  Roach  
  93  8:25  Roach  
  97  8:29  Zerg Missile Weapons Level 2  
  97  9:03  Overlord x5  
  97  9:23  Tunneling Claws  
  97  9:24  Burrow  
  97  9:28  Zerg Ground Armor Level 2  
  97  9:40  Infestation Pit  
  97  9:41  Roach x7  
  110  9:52  Ravager  
  111  9:56  Drone x15  
  111  9:57  Drone x4  
  130  10:15  Overlord x6  
  130  10:16  Overlord x4  
  130  10:17  Extractor  
  130  10:20  Extractor  
  128  10:25  Hive  
  128  11:01  Ravager x3  
  128  11:02  Ravager x5  
  136  11:04  Roach  
  136  11:05  Roach x2  
  140  11:20  Overseer  
  140  11:22  Overseer  
  140  11:27  Roach x6  
  116  12:05  Roach x7  
  116  12:06  Roach x10  
  150  12:29  Roach  
  152  12:30  Roach x8  
  148  12:49  Hydralisk Den  
  119  13:13  Hatchery  
  119  13:15  Overseer x2  
  113  13:22  Roach x2, Zergling x2  
  113  13:23  Roach x8  
  134  13:41  Roach x9  
  139  13:53  Roach  
  139  13:54  Roach x5  
  149  14:17  Ultralisk Cavern  
  149  14:19  Hatchery  
  149  14:20  Roach x6  
Show
View Real Time Build Order
Export as new Build Order

MembaBerries Terran 

Build Orders:  

Get SALT Encoding   

  12  0:01  SCV  
  13  0:13  SCV  
  14  0:20  Supply Depot  
  14  0:25  SCV  
  15  0:42  SCV  
  16  0:43  Barracks  
  16  0:51  Supply Depot  
  16  0:54  SCV  
  17  1:00  Refinery  
  17  1:06  SCV  
  18  1:19  Barracks, SCV  
  19  1:35  Orbital Command  
  19  1:44  Reaper  
  20  1:52  Barracks  
  20  1:55  Refinery  
  20  2:03  SCV  
  21  2:09  Reaper  
  22  2:15  SCV  
  23  2:23  Reaper, Bunker  
  23  2:27  SCV  
  25  2:38  Supply Depot  
  25  2:40  SCV  
  25  3:21  Reaper x2  
  25  3:22  Reaper  
  25  4:04  Marine x3  
  25  4:07  SCV  
  29  4:12  Factory  
  29  4:18  Supply Depot  
  29  4:19  SCV  
  29  4:22  Marine  
  31  4:26  Command Center  
  31  4:31  SCV  
  32  4:47  Barracks Reactor  
  32  4:50  Barracks Tech Lab  
  32  4:51  Engineering Bay  
  32  5:01  Bunker  
  32  5:05  Hellion  
  34  5:08  Barracks Tech Lab  
  34  5:19  Missile Turret  
  34  5:20  Terran Infantry Weapons Level 1  
  34  5:25  Missile Turret  
  36  5:30  Factory Tech Lab  
  36  5:31  Bunker  
  36  5:35  Stimpack  
  34  5:37  Marine x2  
  36  5:42  Supply Depot, Orbital Command  
  36  5:49  Siege Tank  
  39  5:52  Marauder  
  39  5:53  Marauder  
  39  5:55  Marine x2  
  45  6:13  Marine x2  
  45  6:14  Marauder  
  45  6:15  Marauder  
  51  6:20  Supply Depot  
  51  6:26  Supply Depot  
  51  6:30  Marine x2  
  53  6:34  Marine  
  53  6:35  Supply Depot  
  54  6:41  Marine  
  55  6:48  Marine x2  
  55  6:50  Ghost Academy, SCV  
  58  7:00  Bunker  
  58  7:02  Orbital Command  
  58  7:03  Bunker  
  58  7:08  Marauder  
  60  7:09  Marauder  
  60  7:10  Marine x2  
  60  7:11  Widow Mine  
  66  7:28  Marine  
  66  7:29  SCV  
  68  7:41  SCV  
  69  7:48  Bunker  
  69  7:53  Bunker  
  69  8:03  Missile Turret  
  69  8:04  SCV  
  69  8:05  Missile Turret  
  69  8:12  Personal Cloaking  
  69  8:16  SCV  
  69  8:19  Ghost  
  70  8:24  Marine x2  
  70  8:25  Refinery  
  74  8:28  Refinery, SCV  
  75  8:35  Supply Depot  
  75  8:55  Supply Depot  
  75  8:59  Supply Depot  
  75  9:02  SCV  
  76  9:12  Marine x3  
  76  9:14  SCV  
  80  9:19  Terran Infantry Armor Level 1  
  80  9:23  Supply Depot  
  80  9:26  SCV  
  80  9:30  Marine x2  
  83  9:37  Nuke  
  83  9:38  SCV  
  83  9:40  Starport  
  84  9:53  Supply Depot  
  84  10:00  Missile Turret  
  84  10:04  Missile Turret  
  84  10:20  Medivac  
  84  10:21  Starport  
  86  10:24  Supply Depot  
  86  10:34  SCV  
  86  10:43  Widow Mine x2  
  86  10:46  SCV  
  91  10:58  SCV  
  92  11:11  Widow Mine x2, SCV  
  93  11:14  Armory  
  97  11:21  Liberator  
  97  11:33  Marauder x3  
  106  11:40  Widow Mine x2  
  96  11:54  Marauder  
  96  11:55  Marauder x2  
  83  12:08  Bunker  
  83  12:13  Bunker  
  83  12:14  Bunker  
  83  12:15  Marine  
  83  12:16  Marine, Marauder  
  87  12:31  SCV  
  87  12:32  Bunker  
  87  12:33  Marine x2  
  87  12:34  Nuke  
  87  12:35  Terran Vehicle And Ship Armor Level 1  
  88  12:37  Marine  
  75  12:51  Marine  
  75  12:52  Marauder  
  75  12:55  Marauder  
  62  13:09  Marine  
  61  13:13  Marine  
  61  13:16  Marine  
  58  13:27  Marine  
  58  13:31  Factory Tech Lab, Marauder  
  61  13:34  Marauder  
  58  13:41  Bunker  
  58  13:45  Marauder  
  50  13:52  Marauder  
  48  13:57  Medivac  
Tags
 
League
GoldGold
Matchup
TvZ
Replay Pack
Pack 1
Spawn Locations
Cross Positions
Add a new tag
Caveats
  • Supply blocks, unpowered buildings, or Contaminate may cause inaccurate times.
  • Supply counts are checked every 10 seconds.